 Dungeon Crawl Stone Soup version 0.21.1-1-g345015f (webtiles) character file.

87 inc the Ducker (level 4, -8/35 HPs)
             Began as a Demonspawn Monk on June 14, 2018.
             Mangled by an iguana (9 damage)
             ... on level 2 of the Dungeon.
             The game lasted 00:02:52 (2264 turns).

inc the Ducker (Demonspawn Monk)                    Turns: 2264, Time: 00:02:53

Health: -8/35      AC:  7    Str: 12    XL:     4   Next: 28%
Magic:  4/4        EV: 12    Int: 12    God:
Gold:   53         SH:  0    Dex: 15    Spells: 3/3 levels left

rFire    . . .     SeeInvis .   a - +0 mace
rCold    . . .     Gourm    .   (no shield)
rNeg     . . .     Faith    .   k - +0 ring mail
rPois    .         Spirit   .   (helmet restricted)
rElec    .         Reflect  .   (no cloak)
rCorr    .         Harm     .   (no gloves)
MR       .....                  (no boots)
Stlth    +.........             (no amulet)
HPRegen  0.11/turn              (no ring)
MPRegen  0.09/turn              (no ring)

@: no status effects
A: horns 1, iridescent scales 1
a: no special abilities


You were on level 2 of the Dungeon.
You were not hungry.

You visited 1 branch of the dungeon, and saw 2 of its levels.

You collected 53 gold pieces.

Inventory:

Hand Weapons
 a - a +0 mace (weapon)
Armour
 b - a +0 robe
 k - a +0 ring mail (worn)
Scrolls
 g - 2 scrolls of enchant weapon {unknown}
 h - a scroll of identify {unknown}
 i - a scroll of immolation {unknown}
 l - a scroll of teleportation {unknown}
 m - a scroll of remove curse {unknown}
Potions
 d - a potion of might {unknown}
 e - 3 potions of invisibility {unknown}
 f - a potion of magic {unknown}
 j - 2 potions of curing {unknown}
Comestibles
 c - a ration


   Skills:
 - Level 3.0 Fighting
 + Level 3.0 Maces & Flails
 - Level 4.4 Dodging
 - Level 1.7 Stealth


You had 3 spell levels left.
You didn't know any spells.

Dungeon Overview and Level Annotations

Branches:
Dungeon (2/15)

Altars:
Nemelex Xobeh
The Shining One


Innate Abilities, Weirdness & Mutations

You have a pair of small horns on your head.
You are partially covered in iridescent scales. (AC +2)


Message History

You closely miss the iguana.
The iguana bites you but does no damage.
You hit the iguana.
The iguana is lightly wounded.
The iguana barely misses you. The iguana bites you!
You hit the iguana. You headbutt the iguana.
The iguana is moderately wounded.
The iguana bites you!
* * * LOW HITPOINT WARNING * * *
You hit the iguana but do no damage. Your headbutt misses the iguana.
The iguana is moderately wounded.
The iguana closely misses you.
An adder comes into view.
You sock the iguana!
You headbutt the iguana, but do no damage.
The iguana is almost dead.
The iguana bites you.
* * * LOW HITPOINT WARNING * * *
The iguana bites you!
You die...

#........).....#_#..#..#...<.....
###.†..........##.#..#..#.#......
....)...##......##..###..##......
####...........#.#########......[
......###....#...................
####..................##.........
#.##......#...####..#.........
#.##.........######.#####.....
......<##......@l...#.## ##.#..
##...###...............#####....
#....#..........⌠.⌠.#..........
#................_..#####.>....
.........#.S.....⌠.⌠#####.......
.....##........[................
..##..#..####........####.....
)....###..####.......## ##....
...............##....####....


You could see an iguana and an adder.

Vanquished Creatures
  2 adders (D:2)
  An ooze (D:2)
  3 worms (D:2)
  3 dart slugs (D:2)
  3 leopard geckos (D:1)
  4 goblins
  9 hobgoblins
  4 jackals (D:1)
  A quokka (D:2)
  4 bats
  7 frilled lizards
  4 kobolds
  3 rats (D:1)
48 creatures vanquished.

Notes
Turn   | Place    | Note
-------+----------+-------------------------------------------
     0 | D:1      | inc the Demonspawn Monk began the quest for the Orb.
     0 | D:1      | Reached XP level 1. HP: 18/18 MP: 1/1
   130 | D:1      | Reached skill level 3 in Dodging
   310 | D:1      | Gained mutation: You are partially covered in iridescent scales. (AC +2) [demonic ancestry]
   310 | D:1      | Reached XP level 2. HP: 21/24 MP: 2/2
   983 | D:1      | Reached XP level 3. HP: 15/29 MP: 3/3
  1496 | D:2      | Reached skill level 4 in Dodging
  1596 | D:2      | Found a glowing golden altar of the Shining One.
  1892 | D:2      | Gained mutation: You have a pair of small horns on your head. [demonic ancestry]
  1892 | D:2      | Reached XP level 4. HP: 18/35 MP: 4/4
  2203 | D:2      | Found a sparkling altar of Nemelex Xobeh.
  2264 | D:2      | HP: 1/35 [iguana (4)]
  2264 | D:2      | Mangled by an iguana

Skill      XL: |  1  2  3  4 |
---------------+-------------+-----
Dodging        | 3 4 |  4.4
Maces & Flails | 3 |  3.0
Fighting       | |  3.0
Stealth        | |  1.7

Action                   |  1- 3 |  4- 6 || total
-------------------------+-------+-------++-------
Melee: Mace              |   146 |    52 ||   198
       Headbutt          |       |     3 ||     3
 Stab: Sleeping          |     7 |       ||     7
  Eat: Chunk             |     3 |     2 ||     5
Armor: Robe              |    35 |       ||    35
       Ring mail         |       |    19 ||    19
Dodge: Dodged            |   107 |    40 ||   147
